 Dungeon Crawl Stone Soup version 0.28-a0-1339-ga5422284a4 (webtiles) character file.

Game seed: 4887680700166623444

1898 Crownlay the Chiller (level 9, -3/65 HPs)
             Began as a Gnoll Ice Elementalist on Dec 28, 2021.
             Slain by a shadow (6 damage)
             ... on level 6 of the Dungeon.
             The game lasted 00:13:52 (6467 turns).

Crownlay the Chiller (Gnoll Ice Elementalist)       Turns: 6467, Time: 00:13:52

Health: -3/65      AC:  4    Str:  8    XL:     9   Next: 15%
Magic:  11/18      EV: 14    Int: 19    God:
Gold:   200        SH:  5    Dex: 12    Spells: 13/20 levels left

rFire   . . .      SeeInvis .   p - +4 dagger
rCold   . . .      Faith    .   (no shield)
rNeg    . . .      Spirit   .   a - +0 robe
rPois   +          Reflect  +   (no helmet)
rElec   .          Harm     .   k - +1 cloak {rPois}
rCorr   .          Rampage  .   (no gloves)
Will    .....                   (no boots)
Stlth   +++.......              i - amulet of reflection
HPRegen 0.20/turn               (no ring)
MPRegen 0.16/turn               (no ring)

@: freezing walls
A: fangs 1, strong nose, distributed training
a: no special abilities


You were on level 6 of the Dungeon.
You visited 1 branch of the dungeon, and saw 6 of its levels.

You collected 200 gold pieces.

Inventory:

Hand Weapons
 e - a +0 hunting sling
 p - a +4 dagger (weapon)
Missiles
 d - 24 sling bullets
Armour
 a - a +0 robe (worn)
 k - a +1 cloak of poison resistance (worn)
Jewellery
 i - an amulet of reflection (around neck)
Wands
 l - a wand of polymorph (2)
 o - a wand of mindburst (16)
 t - a wand of iceblast (1)
Scrolls
 b - a scroll of fog {unknown}
 c - a scroll of identify
 f - a scroll of immolation {unknown}
 m - a scroll of magic mapping {unknown}
 n - a scroll of blinking {unknown}
 r - a scroll of holy word {unknown}
Potions
 g - 2 potions of curing {unknown}
 h - a potion of attraction {unknown}
 j - 2 potions of lignification
 q - a potion of degeneration {unknown}
 s - a potion of mutation {unknown}


   Skills:
 + Level 4.0 Fighting
 + Level 4.0 Short Blades
 + Level 4.0 Long Blades
 + Level 4.0 Axes
 + Level 4.0 Maces & Flails
 + Level 4.0 Polearms
 + Level 4.0 Staves
 + Level 4.0 Slings
 + Level 4.0 Bows
 + Level 4.0 Crossbows
 + Level 4.0 Throwing
 + Level 4.0 Armour
 + Level 6.1 Dodging
 + Level 5.8 Stealth
 + Level 4.0 Shields
 + Level 4.0 Unarmed Combat
 + Level 6.4 Spellcasting
 + Level 3.2 Conjurations
 + Level 3.2 Hexes
 + Level 3.2 Summonings
 + Level 3.2 Necromancy
 + Level 3.2 Translocations
 + Level 3.2 Transmutations
 + Level 3.2 Fire Magic
 + Level 7.9 Ice Magic
 + Level 3.2 Air Magic
 + Level 3.2 Earth Magic
 + Level 3.2 Poison Magic
 + Level 4.3 Invocations
 + Level 4.0 Evocations


You had 13 spell levels left.
You knew the following spells:

 Your Spells              Type           Power      Damage    Failure   Level
a - Freeze                Ice            100%       1d11      1%          1
b - Frozen Ramparts       Ice            72%        1d9       1%          3
c - Ozocubu's Armour      Ice            36%        N/A       1%          3

Your spell library contained the following spells:

 Spells                   Type           Power      Damage    Failure   Level
 Animate Skeleton         Necr           36%        N/A       2%          1
 Apportation              Tloc           36%        N/A       2%          1
 Magic Dart               Conj           72%        1d6       2%          1
 Summon Small Mammal      Summ           72%        N/A       2%          1
 Call Imp                 Summ           18%        N/A       4%          2
 Passwall                 Tmut/Erth      15%        N/A       4%          2
 Mephitic Cloud           Conj/Pois/Air  18%        N/A       9%          3
 Swiftness                Air            18%        N/A       9%          3
 Hailstorm                Conj/Ice       27%        3d7       11%         4


Dungeon Overview and Level Annotations

Branches:
Dungeon (6/15)
 Temple: D:4-7

Altars:
Trog

Shops:
D:3 [

Annotations:
D:6 1 transporter, Gruesome's ghost, novice DsBe


Innate Abilities, Weirdness & Mutations

You have very sharp teeth.
Your uncanny sense of smell can sniff out nearby items.
Your experience applies equally to all skills.


Message History

The frozen ramparts melt away.
Casting: Frozen Ramparts (safe; 1% risk of failure)
Confirm with . or Enter, or press ? or * to list all spells.
Casting: Frozen Ramparts (safe; 1% risk of failure)
Press: ? - help, Dir - look around, f - activate The walls around you are covered in ice.
The shadow completely resists.
The wall freezes the shadow but does no damage.
The shadow slips into darkness.
The shadow flickers and vanishes!
Deactivating autopickup; reactivate with Ctrl-A.
Okay, then.
No target in view!
Fire: 25 sling bullets
Press: ? - help, Shift-Dir - straight line You shoot a sling bullet.
The wall freezes something but does no damage.
p - a +4 dagger (weapon)
The wall freezes something but does no damage.
The shadow strikes at you from the darkness!
* * * LOW HITPOINT WARNING * * *
Reactivating autopickup.
You hit the shadow but do no damage. You closely miss the shadow.
The shadow completely resists.
The wall freezes the shadow but does no damage.
You block the shadow's attack.
You hit the shadow but do no damage.
The shadow completely resists.
The wall freezes the shadow but does no damage.
The shadow slips into darkness.
The shadow flickers and vanishes!
Deactivating autopickup; reactivate with Ctrl-A.
You hit something but do no damage.
The wall freezes something but does no damage.
The shadow strikes at you from the darkness!
* * * LOW HITPOINT WARNING * * *
Reactivating autopickup.
You hit the shadow but do no damage.
The shadow completely resists.
The wall freezes the shadow but does no damage.
The shadow hits you.
You die...

..# .... ##### .....
#...##.#...
#....:....
##########)..((.####
'.......@W)(...(....
############)...###
#....<......# ∆
....=.......###
...©........#
########....#
8.....8##...#
........#..g..
#.WFc.#.#......


You could see a shadow.

Vanquished Creatures
  Grinder (D:3)
  Edmund (D:4)
  A sky beast (D:5)
  A black bear (D:5)
  An ogre (D:4)
  A phantom (D:5)
  A bullfrog (D:6)
  2 scorpions
  3 water moccasin skeletons
  4 wights (D:6)
  2 howler monkeys
  A jelly (D:5)
  2 orc priests (D:4)
  Crazy Yiuf (D:3)
  A centaur skeleton (D:3)
  An iguana (D:6)
  Jessica (D:2)
  A bullfrog skeleton (D:4)
  Ijyb (D:4)
  Terence (D:2)
  6 orc wizards (D:4)
  12 gnolls
  3 adders
  A howler monkey skeleton (D:5)
  An ufetubus (D:5)
  3 worms
  20 orcs
  9 endoplasms
  2 giant cockroaches
  2 hobgoblins
  3 jackals (D:4)
  6 kobolds
  5 quokkas
  5 ball pythons
  4 bats
  2 frilled lizards (D:3)
  5 goblins
  6 rats
123 creatures vanquished.

Notes
Turn   | Place    | Note
-------+----------+-------------------------------------------
     0 | D:1      | Crownlay the Gnoll Ice Elementalist began the quest for the
                  | Orb.
     0 | D:1      | Reached XP level 1. HP: 13/13 MP: 6/6
    18 | D:1      | Found a faded altar of an unknown god.
   274 | D:1      | Reached XP level 2. HP: 19/19 MP: 5/7
   798 | D:1      | Reached skill level 5 in Spellcasting
   798 | D:1      | Reached XP level 3. HP: 25/25 MP: 7/9
   863 | D:1      | Learned a level 3 spell: Frozen Ramparts
   867 | D:1      | Learned a level 3 spell: Ozocubu's Armour
  1206 | D:2      | Noticed Terence
  1214 | D:2      | Killed Terence
  1215 | D:2      | Reached skill level 1 in Fighting
  1215 | D:2      | Reached skill level 1 in Short Blades
  1215 | D:2      | Reached skill level 1 in Long Blades
  1215 | D:2      | Reached skill level 1 in Axes
  1215 | D:2      | Reached skill level 1 in Maces & Flails
  1215 | D:2      | Reached skill level 1 in Polearms
  1215 | D:2      | Reached skill level 1 in Staves
  1215 | D:2      | Reached skill level 1 in Slings
  1215 | D:2      | Reached skill level 1 in Bows
  1215 | D:2      | Reached skill level 1 in Crossbows
  1215 | D:2      | Reached skill level 1 in Throwing
  1215 | D:2      | Reached skill level 1 in Armour
  1215 | D:2      | Reached skill level 1 in Shields
  1215 | D:2      | Reached skill level 1 in Unarmed Combat
  1215 | D:2      | Reached skill level 1 in Invocations
  1215 | D:2      | Reached skill level 1 in Evocations
  1215 | D:2      | Reached XP level 4. HP: 32/32 MP: 3/11
  1503 | D:2      | Found a bloodstained altar of Trog.
  1767 | D:2      | Noticed Jessica
  1770 | D:2      | Killed Jessica
  1771 | D:2      | Reached skill level 1 in Conjurations
  1771 | D:2      | Reached skill level 1 in Hexes
  1771 | D:2      | Reached skill level 1 in Summonings
  1771 | D:2      | Reached skill level 1 in Necromancy
  1771 | D:2      | Reached skill level 1 in Translocations
  1771 | D:2      | Reached skill level 1 in Transmutations
  1771 | D:2      | Reached skill level 1 in Fire Magic
  1771 | D:2      | Reached skill level 1 in Air Magic
  1771 | D:2      | Reached skill level 1 in Earth Magic
  1771 | D:2      | Reached skill level 1 in Poison Magic
  2044 | D:3      | Found a bloodstained altar of Trog.
  2083 | D:3      | Reached XP level 5. HP: 35/37 MP: 5/12
  2164 | D:3      | Noticed Grinder
  2197 | D:3      | Paralysed by Grinder for 5 turns
  2209 | D:3      | Killed Grinder
  2210 | D:3      | Reached skill level 5 in Dodging
  2210 | D:3      | Reached XP level 6. HP: 5/44 MP: 0/14
  2507 | D:3      | Found Ykhlatesh's Armour Shoppe.
  2559 | D:3      | Found a runed translucent door.
  2560 | D:3      | Noticed Crazy Yiuf
  3202 | D:3      | Killed Crazy Yiuf
  3341 | D:4      | Reached XP level 7. HP: 50/50 MP: 6/15
  3825 | D:4      | Reached skill level 5 in Stealth
  4242 | D:4      | Noticed Edmund
  4271 | D:4      | Killed Edmund
  4272 | D:4      | Reached XP level 8. HP: 23/58 MP: 4/16
  4464 | D:4      | Noticed Ijyb
  4482 | D:4      | Killed Ijyb
  5046 | D:5      | Entered Level 5 of the Dungeon
  6207 | D:6      | Noticed Gruesome's ghost (novice DsBe)
  6207 | D:6      | Found a transporter.
  6259 | D:6      | Reached XP level 9. HP: 11/58 MP: 5/18
  6466 | D:6      | HP: 2/65 [something (16)]
  6467 | D:6      | Slain by a shadow

Illustrated notes

Levels and vault maps discovered:
D:1:      lightli_arrival_statuegarden, layout_basic,
          ebering_ecumenical_altar_sacrificial
D:2:      layout_basic, basic_altar, uniq_jessica, uniq_terence
D:3:      layout_basic, lemuel_crystal_altar, serial_shops, shop, uniq_grinder,
          uniq_crazy_yiuf_cottage
D:4:      layout_basic, minmay_bisected, uniq_edmund, uniq_ijyb
D:5:      layout_cave_pods, bh_walls_and_bars
D:6:      layout_basic, minmay_temple_entry_wispy, serial_shops,
          nicolae_shop_hallway_stairs, gammafunk_ghost_arena,
          chequers_serial_rivers_micro_a, minmay_mini_ossuary

Skill      XL: |  1  2  3  4  5  6  7  8  9 |
---------------+----------------------------+-----
Spellcasting   | 5 6 |  6.4
Fighting       | 1 2 3 4 |  4.0
Short Blades   | 1 2 3 4 |  4.0
Long Blades    | 1 2 3 4 |  4.0
Axes           | 1 2 3 4 |  4.0
Maces & Flails | 1 2 3 4 |  4.0
Polearms       | 1 2 3 4 |  4.0
Staves         | 1 2 3 4 |  4.0
Slings         | 1 2 3 4 |  4.0
Bows           | 1 2 3 4 |  4.0
Crossbows      | 1 2 3 4 |  4.0
Throwing       | 1 2 3 4 |  4.0
Armour         | 1 2 3 4 |  4.0
Shields        | 1 2 3 4 |  4.0
Unarmed Combat | 1 2 3 4 |  4.0
Invocations    | 1 2 3 4 |  4.3
Evocations     | 1 2 3 4 |  4.0
Conjurations   | 1 2 3 |  3.2
Hexes          | 1 2 3 |  3.2
Summonings     | 1 2 3 |  3.2
Necromancy     | 1 2 3 |  3.2
Translocations | 1 2 3 |  3.2
Transmutations | 1 2 3 |  3.2
Fire Magic     | 1 2 3 |  3.2
Air Magic      | 1 2 3 |  3.2
Earth Magic    | 1 2 3 |  3.2
Poison Magic   | 1 2 3 |  3.2
Dodging        | 5 6 |  6.1
Stealth        | 5 |  5.8
Ice Magic      | |  7.9

Action                   |  1- 3 |  4- 6 |  7- 9 || total
-------------------------+-------+-------+-------++-------
Melee: Unarmed           |     6 |       |     6 ||    12
       Dagger            |     6 |    13 |   182 ||   201
       Bite              |       |       |    16 ||    16
       Punch             |       |       |     4 ||     4
 Fire: Hunting sling     |    15 |    99 |   111 ||   225
 Cast: Freeze            |    18 |    14 |     3 ||    35
       Frozen Ramparts   |     1 |    13 |    24 ||    38
       Ozocubu's Armour  |     1 |     5 |    16 ||    22
Evoke: Wand              |       |       |     2 ||     2
  Use: Scroll            |       |       |     2 ||     2
 Stab: Sleeping          |       |       |     2 ||     2
Armor: Robe              |     7 |     9 |    67 ||    83
Dodge: Dodged            |    22 |    18 |    90 ||   130
Block: Other             |       |       |    36 ||    36
       Reflection        |       |       |     1 ||     1

Table legend: (Time is in decaauts)
 A = Elapsed time spent in this place.
 B = Non-inter-level travel time spent in this place.
 C = Inter-level travel time spent in this place.
 D = Time resting spent in this place.
 E = Time spent auto-exploring this place.
 F = Levels seen in this place.
 G = Mean time per level.
                   A        B        C        D        E       F      G
               +--------+--------+--------+--------+--------+-----+--------+
         Total |   6417 |   6241 |    176 |      0 |   5325 |   6 | 1069.5 |
       Dungeon |   6417 |   6241 |    176 |      0 |   5325 |   6 | 1069.5 |
               +--------+--------+--------+--------+--------+-----+--------+

Top non-repeatable levels by time:
     D:4: 1714 daAuts
     D:3: 1329 daAuts
     D:5: 1146 daAuts
     D:2: 1008 daAuts
     D:1: 970 daAuts
     D:6: 248 daAuts
